Connexion

Crunch vs Admirals

Created - 29 août 2023 at 05:48

Goals
1 2 3 T
Crunch 0 1 1 2
Admirals 1 3 3 7
Shots
1 2 3 T
Crunch 8 15 12 35
Admirals 8 8 20 36

GoalsPenalties
1st period
1. Admirals , Garrett Pilon 6 (Paul Thompson 6, Nick Ebert 6) at 12:03
No Penalty
2nd period
2. Admirals , Garrett Wilson 7 (Kristians Rubins 8, David Kampf 10) at 3:22 (PP)
3. Crunch , Patrick Harper 4 (Mikko Kokkonen 4, Xavier Bouchard 7) at 6:58
4. Admirals , Garrett Pilon 7 (Kristians Rubins 9, CJ Suess 2) at 13:34
5. Admirals , Joseph Cramarossa 8 (William Bitten 8, Nick Cousins 5) at 17:22
Connor Corcoran (SYR) for Interference (Minor) at 1:36
Niko Mikkola (MIL) for Roughing (Minor) at 10:32
Garrett Wilson (MIL) for Tripping (Minor) at 14:04
3rd period
6. Admirals , Cam Dineen 2 (David Kampf 11, Kevin Stenlund 7) at 6:45
7. Admirals , Niko Mikkola 2 (Kristians Rubins 10, Kevin Stenlund 8) at 14:33 (PP)
8. Admirals , Kevin Stenlund 7 (David Kampf 12, Niko Mikkola 7) at 16:50 (PP)
9. Crunch , Kody Clark 6 (Connor Corcoran 6, Axel Andersson 12) at 17:07
Paul Thompson (MIL) for Interference (Minor) at 3:06
Jaycob Megna (SYR) for Holding (Minor) at 9:38
Jean-Gabriel Pageau (SYR) for Holding (Minor) at 13:02
Paul Bittner (SYR) for Tripping (Minor) at 16:27
Goalie Stats
Anthony Stolarz (SYR), 11 saves from 15 shots - (0,733), L, 6-5-0, 37:22 minutes
Tyler Parsons (SYR), 18 saves from 21 shots - (0,857), 22:38 minutes
Michael McNiven (MIL), 33 saves from 35 shots - (0,943), W, 8-1-0, 60:00 minutes
3 StarsOfficial
1 - Kristians Rubins (MIL)
2 - Garrett Pilon (MIL)
3 - Kevin Stenlund (MIL)
Referees : Chris Lee and Marcus Vinnerberg
Linesman : Don Henderson and Pierre Racicot
Game Note
Tyler Parsons enters game at 17:22 of 2nd period
Finance
Level 1 -- Attendance: 1984 (99,20%) -- Ticket Income 69 440 $
Level 2 -- Attendance: 1000 (100,00%) -- Ticket Income 15 000 $
Total Attendance: 2984 (99,47%)
Total Ticket Income: 84 440 $
Other Income: 16 888 $
Total Income: 101 328 $



Team Name Goals Shots Shots Attemp Shots Blocked PIM HIT PP PK FO%
Crunch 2356698160 / 3 (0%)344%
Admirals 73680106223 / 4 (75%)056%

Crunch
Player Name POS G A P +/- PIM HIT SHT SB MP PP MP PP SHT PK MP PK SHT FO% FOT
Aaron LuchukC000000004:220:0000:00050% 6
Austin StrandD000-1010024:473:3802:3000% 0
Axel AnderssonD0110005319:102:1932:2400% 0
Blaine ByronC/LW000-1020016:582:4700:4500% 1
Connor CorcoranD0110200118:272:1901:4200% 0
Garnet HathawayRW000000006:590:0002:37050% 4
Jaycob MegnaD000-1261324:463:3802:3000% 0
Jean-Christophe BeaudinC/RW000-1022016:432:4700:3000% 2
Jean-Gabriel PageauC000-1227025:433:1011:51061% 28
Kody ClarkRW1010014014:150:0000:000100% 1
Mason ShawC/LW000-1003019:313:1000:0000% 2
Mike VecchioneC/RW000-1003020:013:1000:30050% 2
Mikko KokkonenD011-1020116:030:0000:4500% 0
Nicolas Aube-KubelRW000000000:000:0000:0000% 0
Patrick HarperC/LW1010006014:150:0000:00037% 19
Paul BittnerLW0000201014:550:0000:4100% 0
Thomas TynanC000-1003020:372:4714:24036% 25
Xavier BouchardD011-1000116:450:0001:2700% 0
Admirals
Player Name POS G A P +/- PIM HIT SHT SB MP PP MP PP SHT PK MP PK SHT FO% FOT
Cam DineenD1010012121:282:4213:0300% 0
CJ SuessLW0111002018:532:4900:5400% 1
David KampfC/RW0331005021:552:5022:12025% 4
Dominic TurgeonC000000002:590:0000:000100% 3
Garrett PilonC2021016019:092:4921:10050% 30
Garrett WilsonLW1011214024:472:5022:45038% 8
Guillaume BriseboisD0000010421:052:4202:4000% 0
John QuennevilleC000000000:390:0000:0000% 0
Joseph CramarossaC/LW1010035013:220:0000:00060% 15
Kevin StenlundC1231005023:362:5023:53073% 26
Kristians RubinsD0332062025:242:5713:1700% 0
Mike ReillyD0000000013:310:0000:0000% 0
Nick BaptisteRW000001002:590:0000:0000% 0
Nick CousinsC/LW/RW0110001014:220:0001:0000% 2
Nick EbertD0110010114:190:0000:4800% 0
Niko MikkolaD1122212424:122:5722:0600% 0
Paul ThompsonRW0111262017:582:4900:0000% 1
William BittenRW0110000013:220:0000:0000% 0



Play-by-Play

1st period


0:01 of 1st period - Kevin Stenlund wins face-off versus Mason Shaw in neutral zone.
0:06 of 1st period - Shot by Kristians Rubins.
0:06 of 1st period - Shot Blocked by Jaycob Megna.
0:19 of 1st period - Kevin Stenlund is hit by Jean-Gabriel Pageau.
0:35 of 1st period - Mike Vecchione is hit by Kristians Rubins and loses puck.
1:08 of 1st period - Shot by Connor Corcoran.
1:08 of 1st period - Shot Misses the Net.
1:19 of 1st period - Axel Andersson is hit by Cam Dineen and loses puck.
2:50 of 1st period - Shot by Jean-Gabriel Pageau.
2:50 of 1st period - Stopped by Michael McNiven without a rebound.
2:51 of 1st period - Jean-Gabriel Pageau wins face-off versus Garrett Wilson in Admirals zone.
2:56 of 1st period - Shot by Mike Vecchione.
2:56 of 1st period - Stopped by Michael McNiven without a rebound.
2:57 of 1st period - Kevin Stenlund wins face-off versus Jean-Gabriel Pageau in Admirals zone.
3:06 of 1st period - Shot by Garrett Wilson.
3:06 of 1st period - Stopped by Anthony Stolarz with a rebound.
3:08 of 1st period - Shot by Kevin Stenlund.
3:08 of 1st period - Stopped by Anthony Stolarz without a rebound.
3:09 of 1st period - Thomas Tynan wins face-off versus Garrett Pilon in Crunch zone.
3:57 of 1st period - Icing by Cam Dineen.
3:58 of 1st period - Jean-Gabriel Pageau wins face-off versus CJ Suess in Admirals zone.
4:41 of 1st period - Shot by Garrett Wilson.
4:41 of 1st period - Shot Hit the Post.
5:03 of 1st period - Shot by Kody Clark.
5:03 of 1st period - Stopped by Michael McNiven without a rebound.
5:04 of 1st period - Patrick Harper wins face-off versus Joseph Cramarossa in Admirals zone.
5:08 of 1st period - Icing by Nick Ebert.
5:09 of 1st period - Joseph Cramarossa wins face-off versus Patrick Harper in Admirals zone.
5:20 of 1st period - Shot by Joseph Cramarossa.
5:20 of 1st period - Stopped by Anthony Stolarz without a rebound.
5:21 of 1st period - Garrett Pilon wins face-off versus Jean-Christophe Beaudin in Crunch zone.
5:26 of 1st period - Shot by Paul Thompson.
5:26 of 1st period - Stopped by Anthony Stolarz with a rebound.
5:29 of 1st period - Icing by Xavier Bouchard.
5:30 of 1st period - Joseph Cramarossa wins face-off versus Thomas Tynan in Crunch zone.
7:07 of 1st period - Shot by Jean-Gabriel Pageau.
7:07 of 1st period - Stopped by Michael McNiven with a rebound.
8:02 of 1st period - Icing by Niko Mikkola.
8:03 of 1st period - Joseph Cramarossa wins face-off versus Aaron Luchuk in Admirals zone.
8:52 of 1st period - Icing by David Kampf.
8:53 of 1st period - Kevin Stenlund wins face-off versus Patrick Harper in Admirals zone.
9:08 of 1st period - Shot by Patrick Harper.
9:08 of 1st period - Shot Misses the Net.
9:10 of 1st period - Shot by Austin Strand.
9:10 of 1st period - Shot Blocked by Guillaume Brisebois.
9:20 of 1st period - Shot by Patrick Harper.
9:20 of 1st period - Shot Blocked by Guillaume Brisebois.
9:22 of 1st period - Shot by Patrick Harper.
9:22 of 1st period - Stopped by Michael McNiven without a rebound.
9:23 of 1st period - Thomas Tynan wins face-off versus Garrett Pilon in Admirals zone.
9:24 of 1st period - Shot by Jean-Christophe Beaudin.
9:24 of 1st period - Shot Blocked by Nick Ebert.
9:38 of 1st period - Xavier Bouchard is hit by Paul Thompson and loses puck.
9:45 of 1st period - Shot by CJ Suess.
9:45 of 1st period - Shot Blocked by Mikko Kokkonen.
9:47 of 1st period - Shot by Garrett Pilon.
9:47 of 1st period - Shot Misses the Net.
9:58 of 1st period - Paul Thompson is hit by Mikko Kokkonen.
10:04 of 1st period - Shot by CJ Suess.
10:04 of 1st period - Stopped by Anthony Stolarz with a rebound.
11:02 of 1st period - Shot by Nick Cousins.
11:02 of 1st period - Stopped by Anthony Stolarz without a rebound.
11:03 of 1st period - Joseph Cramarossa wins face-off versus Jean-Gabriel Pageau in Crunch zone.
11:04 of 1st period - Shot by Nick Cousins.
11:04 of 1st period - Shot Misses the Net.
12:03 of 1st period - Shot by Garrett Pilon.
12:03 of 1st period - Goal by Garrett Pilon - Crunch : 0 - Admirals : 1.
12:04 of 1st period - Patrick Harper wins face-off versus Garrett Wilson in neutral zone.
12:16 of 1st period - Kody Clark is hit by Kristians Rubins and loses puck.
12:31 of 1st period - Shot by Kody Clark.
12:31 of 1st period - Stopped by Michael McNiven with a rebound.
12:33 of 1st period - Shot by Patrick Harper.
12:33 of 1st period - Shot Misses the Net.
12:35 of 1st period - Shot by Paul Bittner.
12:35 of 1st period - Shot Blocked by Niko Mikkola.
12:37 of 1st period - Shot by Connor Corcoran.
12:37 of 1st period - Shot Misses the Net.
12:39 of 1st period - Shot by Kody Clark.
12:39 of 1st period - Deflect By Patrick Harper.
12:39 of 1st period - Shot Misses the Net.
12:41 of 1st period - Shot by Patrick Harper.
12:41 of 1st period - Shot Misses the Net.
12:43 of 1st period - Shot by Kody Clark.
12:43 of 1st period - Shot Misses the Net.
13:14 of 1st period - Icing by Aaron Luchuk.
13:15 of 1st period - Joseph Cramarossa wins face-off versus Aaron Luchuk in Crunch zone.
13:18 of 1st period - Shot by Joseph Cramarossa.
13:18 of 1st period - Stopped by Anthony Stolarz without a rebound.
13:19 of 1st period - Garrett Pilon wins face-off versus Thomas Tynan in Crunch zone.
13:34 of 1st period - Icing by Connor Corcoran.
13:35 of 1st period - Joseph Cramarossa wins face-off versus Thomas Tynan in Crunch zone.
15:01 of 1st period - Shot by Kevin Stenlund.
15:01 of 1st period - Shot Misses the Net.
15:19 of 1st period - Shot by Kody Clark.
15:19 of 1st period - Shot Misses the Net.
15:21 of 1st period - Shot by Patrick Harper.
15:21 of 1st period - Stopped by Michael McNiven without a rebound.
15:22 of 1st period - Patrick Harper wins face-off versus Garrett Pilon in Admirals zone.
15:40 of 1st period - CJ Suess is hit by Jaycob Megna and loses puck.
15:50 of 1st period - CJ Suess is hit by Jaycob Megna and loses puck.
15:53 of 1st period - Shot by CJ Suess.
15:53 of 1st period - Deflect By Garrett Pilon.
15:53 of 1st period - Shot Blocked by Jaycob Megna.
16:11 of 1st period - Garnet Hathaway is hit by Garrett Pilon and loses puck.
17:22 of 1st period - Shot by Kristians Rubins.
17:22 of 1st period - Shot Misses the Net.
17:52 of 1st period - Icing by David Kampf.
17:53 of 1st period - Kevin Stenlund wins face-off versus Patrick Harper in Admirals zone.
18:23 of 1st period - Icing by Austin Strand.
18:24 of 1st period - Garrett Pilon wins face-off versus Patrick Harper in Crunch zone.
18:43 of 1st period - Shot by Patrick Harper.
18:43 of 1st period - Shot Misses the Net.
19:05 of 1st period - Shot by Jean-Christophe Beaudin.
19:05 of 1st period - Stopped by Michael McNiven without a rebound.
19:06 of 1st period - Kevin Stenlund wins face-off versus Thomas Tynan in Admirals zone.
19:13 of 1st period - Shot by Garrett Wilson.
19:13 of 1st period - Shot Misses the Net.
19:26 of 1st period - Shot by Jean-Christophe Beaudin.
19:26 of 1st period - Shot Misses the Net.
19:28 of 1st period - Shot by Jean-Christophe Beaudin.
19:28 of 1st period - Shot Misses the Net.
19:30 of 1st period - Shot by Thomas Tynan.
19:30 of 1st period - Shot Blocked by Niko Mikkola.
Goals for this period are 0 for Crunch vs 1 for Admirals.
Shots for this period are 8 for Crunch vs 8 for Admirals.

2nd period


0:01 of 2nd period - Jean-Gabriel Pageau wins face-off versus Kevin Stenlund in neutral zone.
0:19 of 2nd period - Icing by Mike Vecchione.
0:20 of 2nd period - Jean-Gabriel Pageau wins face-off versus Garrett Pilon in Crunch zone.
1:24 of 2nd period - Kody Clark is hit by Kristians Rubins and loses puck.
1:36 of 2nd period - Minor Penalty to Connor Corcoran for Interference.
1:37 of 2nd period - Kevin Stenlund wins face-off versus Jean-Gabriel Pageau in Crunch zone.
1:42 of 2nd period - Shot by David Kampf.
1:42 of 2nd period - Shot Misses the Net.
1:44 of 2nd period - Shot by Kevin Stenlund.
1:44 of 2nd period - Deflect By David Kampf.
1:44 of 2nd period - Shot Misses the Net.
1:46 of 2nd period - Shot by David Kampf.
1:46 of 2nd period - Shot Misses the Net.
1:48 of 2nd period - Shot by David Kampf.
1:48 of 2nd period - Shot Misses the Net.
1:50 of 2nd period - Shot by Garrett Wilson.
1:50 of 2nd period - Shot Misses the Net.
1:52 of 2nd period - Shot by Niko Mikkola.
1:52 of 2nd period - Stopped by Anthony Stolarz with a rebound.
1:54 of 2nd period - Shot by Kevin Stenlund.
1:54 of 2nd period - Stopped by Anthony Stolarz without a rebound.
1:55 of 2nd period - Jean-Gabriel Pageau wins face-off versus Garrett Pilon in Crunch zone.
2:16 of 2nd period - Shot by Cam Dineen.
2:16 of 2nd period - Shot Blocked by Axel Andersson.
3:06 of 2nd period - Shot by Garrett Wilson.
3:06 of 2nd period - Stopped by Anthony Stolarz without a rebound.
3:07 of 2nd period - Kevin Stenlund wins face-off versus Jean-Gabriel Pageau in Crunch zone.
3:22 of 2nd period - Shot by Garrett Wilson.
3:22 of 2nd period - Goal by Garrett Wilson - Crunch : 0 - Admirals : 2.
3:23 of 2nd period - Patrick Harper wins face-off versus Nick Cousins in neutral zone.
3:25 of 2nd period - Off-side.
3:26 of 2nd period - Kody Clark wins face-off versus Joseph Cramarossa in neutral zone.
3:40 of 2nd period - Shot by Joseph Cramarossa.
3:40 of 2nd period - Shot Misses the Net.
4:30 of 2nd period - Shot by Jean-Gabriel Pageau.
4:30 of 2nd period - Stopped by Michael McNiven without a rebound.
4:31 of 2nd period - Kevin Stenlund wins face-off versus Blaine Byron in Admirals zone.
4:31 of 2nd period - David Kampf is hit by Jean-Christophe Beaudin.
4:35 of 2nd period - Shot by Thomas Tynan.
4:35 of 2nd period - Shot Blocked by Niko Mikkola.
4:37 of 2nd period - Shot by Jaycob Megna.
4:37 of 2nd period - Stopped by Michael McNiven without a rebound.
4:38 of 2nd period - Kevin Stenlund wins face-off versus Thomas Tynan in Admirals zone.
4:50 of 2nd period - Off-side.
4:51 of 2nd period - Garrett Pilon wins face-off versus Jean-Gabriel Pageau in neutral zone.
5:02 of 2nd period - Shot by Jean-Gabriel Pageau.
5:02 of 2nd period - Stopped by Michael McNiven with a rebound.
5:13 of 2nd period - Off-side.
5:14 of 2nd period - Kevin Stenlund wins face-off versus Thomas Tynan in neutral zone.
5:14 of 2nd period - David Kampf is hit by Blaine Byron.
5:48 of 2nd period - Shot by David Kampf.
5:48 of 2nd period - Shot Misses the Net.
5:50 of 2nd period - Shot by David Kampf.
5:50 of 2nd period - Stopped by Anthony Stolarz without a rebound.
5:51 of 2nd period - Garrett Pilon wins face-off versus Jean-Gabriel Pageau in Crunch zone.
6:20 of 2nd period - Shot by Mason Shaw.
6:20 of 2nd period - Stopped by Michael McNiven without a rebound.
6:21 of 2nd period - Joseph Cramarossa wins face-off versus Patrick Harper in Admirals zone.
6:58 of 2nd period - Shot by Patrick Harper.
6:58 of 2nd period - Goal by Patrick Harper - Crunch : 1 - Admirals : 2.
6:59 of 2nd period - Jean-Gabriel Pageau wins face-off versus David Kampf in neutral zone.
7:15 of 2nd period - Off-side.
7:16 of 2nd period - Thomas Tynan wins face-off versus Garrett Pilon in neutral zone.
9:04 of 2nd period - Icing by Jean-Gabriel Pageau.
9:05 of 2nd period - Jean-Gabriel Pageau wins face-off versus Joseph Cramarossa in Crunch zone.
9:05 of 2nd period - Jean-Gabriel Pageau is hit by Joseph Cramarossa.
9:23 of 2nd period - Kody Clark is hit by Joseph Cramarossa and loses puck.
10:20 of 2nd period - Shot by Jean-Christophe Beaudin.
10:20 of 2nd period - Shot Blocked by Guillaume Brisebois.
10:22 of 2nd period - Shot by Axel Andersson.
10:22 of 2nd period - Stopped by Michael McNiven with a rebound.
10:24 of 2nd period - Shot by Thomas Tynan.
10:24 of 2nd period - Stopped by Michael McNiven without a rebound.
10:25 of 2nd period - Aaron Luchuk wins face-off versus Kevin Stenlund in Admirals zone.
10:25 of 2nd period - Aaron Luchuk is hit by Niko Mikkola.
10:29 of 2nd period - Shot by Axel Andersson.
10:29 of 2nd period - Stopped by Michael McNiven with a rebound.
10:32 of 2nd period - Minor Penalty to Niko Mikkola for Roughing.
10:33 of 2nd period - Thomas Tynan wins face-off versus Garrett Wilson in Admirals zone.
10:49 of 2nd period - Shot by Axel Andersson.
10:49 of 2nd period - Shot Misses the Net.
10:51 of 2nd period - Shot by Jean-Christophe Beaudin.
10:51 of 2nd period - Shot Misses the Net.
10:55 of 2nd period - Shot by Axel Andersson.
10:55 of 2nd period - Stopped by Michael McNiven without a rebound.
10:56 of 2nd period - Garrett Wilson wins face-off versus Jean-Gabriel Pageau in Admirals zone.
11:31 of 2nd period - Shot by Jean-Gabriel Pageau.
11:31 of 2nd period - Stopped by Michael McNiven without a rebound.
11:32 of 2nd period - David Kampf wins face-off versus Thomas Tynan in Admirals zone.
11:41 of 2nd period - Kristians Rubins is hit by Blaine Byron and loses puck.
11:49 of 2nd period - Shot by Axel Andersson.
11:49 of 2nd period - Stopped by Michael McNiven without a rebound.
11:50 of 2nd period - Thomas Tynan wins face-off versus David Kampf in Admirals zone.
12:09 of 2nd period - Garrett Wilson is hit by Jean-Christophe Beaudin and loses puck.
13:16 of 2nd period - Icing by Kody Clark.
13:17 of 2nd period - Garrett Pilon wins face-off versus Patrick Harper in Crunch zone.
13:28 of 2nd period - Shot by Garrett Pilon.
13:28 of 2nd period - Deflect By Paul Thompson.
13:28 of 2nd period - Shot Misses the Net.
13:34 of 2nd period - Shot by Garrett Pilon.
13:34 of 2nd period - Goal by Garrett Pilon - Crunch : 1 - Admirals : 3.
13:35 of 2nd period - Dominic Turgeon wins face-off versus Jean-Gabriel Pageau in neutral zone.
13:38 of 2nd period - Jaycob Megna is hit by Nick Baptiste.
13:47 of 2nd period - Icing by Guillaume Brisebois.
13:48 of 2nd period - Dominic Turgeon wins face-off versus Thomas Tynan in Admirals zone.
14:04 of 2nd period - Minor Penalty to Garrett Wilson for Tripping.
14:05 of 2nd period - Jean-Gabriel Pageau wins face-off versus Nick Cousins in Admirals zone.
14:56 of 2nd period - Shot by David Kampf.
14:56 of 2nd period - Shot Misses the Net.
14:58 of 2nd period - Shot by David Kampf.
14:58 of 2nd period - Shot Blocked by Jaycob Megna.
15:00 of 2nd period - Shot by Kevin Stenlund.
15:00 of 2nd period - Deflect By David Kampf.
15:00 of 2nd period - Shot Misses the Net.
15:02 of 2nd period - Shot by Kevin Stenlund.
15:02 of 2nd period - Shot Misses the Net.
16:02 of 2nd period - Shot by Jean-Christophe Beaudin.
16:02 of 2nd period - Shot Hit the Post.
16:06 of 2nd period - Shot by Patrick Harper.
16:06 of 2nd period - Stopped by Michael McNiven without a rebound.
16:07 of 2nd period - Dominic Turgeon wins face-off versus Patrick Harper in Admirals zone.
16:12 of 2nd period - Shot by Garrett Wilson.
16:12 of 2nd period - Shot Misses the Net.
16:37 of 2nd period - Shot by Garrett Wilson.
16:37 of 2nd period - Shot Misses the Net.
17:22 of 2nd period - Shot by Joseph Cramarossa.
17:22 of 2nd period - Goal by Joseph Cramarossa - Crunch : 1 - Admirals : 4.
17:22 of 2nd period - Tyler Parsons enters game.
17:23 of 2nd period - Garrett Pilon wins face-off versus Thomas Tynan in neutral zone.
17:44 of 2nd period - Shot by Thomas Tynan.
17:44 of 2nd period - Shot Misses the Net.
17:46 of 2nd period - Shot by Blaine Byron.
17:46 of 2nd period - Shot Misses the Net.
17:48 of 2nd period - Shot by Jean-Christophe Beaudin.
17:48 of 2nd period - Stopped by Michael McNiven with a rebound.
17:50 of 2nd period - Shot by Thomas Tynan.
17:50 of 2nd period - Stopped by Michael McNiven without a rebound.
17:51 of 2nd period - Joseph Cramarossa wins face-off versus Aaron Luchuk in Admirals zone.
17:56 of 2nd period - Austin Strand is hit by Joseph Cramarossa and loses puck.
18:15 of 2nd period - Shot by Joseph Cramarossa.
18:15 of 2nd period - Stopped by Tyler Parsons with a rebound.
18:30 of 2nd period - Icing by Jean-Gabriel Pageau.
18:31 of 2nd period - Aaron Luchuk wins face-off versus David Kampf in Crunch zone.
19:11 of 2nd period - Jean-Christophe Beaudin is hit by Guillaume Brisebois and loses puck.
19:18 of 2nd period - Shot by Jean-Christophe Beaudin.
19:18 of 2nd period - Shot Blocked by Cam Dineen.
19:20 of 2nd period - Shot by Blaine Byron.
19:20 of 2nd period - Shot Blocked by Guillaume Brisebois.
19:36 of 2nd period - Shot by Patrick Harper.
19:36 of 2nd period - Shot Misses the Net.
19:38 of 2nd period - Shot by Patrick Harper.
19:38 of 2nd period - Stopped by Michael McNiven without a rebound.
19:39 of 2nd period - Jean-Gabriel Pageau wins face-off versus Garrett Pilon in Admirals zone.
19:39 of 2nd period - Jean-Gabriel Pageau is hit by Kristians Rubins.
19:42 of 2nd period - Mason Shaw is hit by Kristians Rubins.
19:48 of 2nd period - Jean-Gabriel Pageau is hit by Paul Thompson.
Goals for this period are 1 for Crunch vs 3 for Admirals.
Shots for this period are 15 for Crunch vs 8 for Admirals.

3rd period


0:01 of 3rd period - Jean-Gabriel Pageau wins face-off versus Kevin Stenlund in neutral zone.
0:08 of 3rd period - Icing by Niko Mikkola.
0:09 of 3rd period - Kevin Stenlund wins face-off versus Jean-Gabriel Pageau in Admirals zone.
0:09 of 3rd period - Kevin Stenlund is hit by Jean-Gabriel Pageau.
0:29 of 3rd period - Shot by Mike Vecchione.
0:29 of 3rd period - Shot Misses the Net.
0:31 of 3rd period - Shot by Jean-Gabriel Pageau.
0:31 of 3rd period - Deflect By Mike Vecchione.
0:31 of 3rd period - Stopped by Michael McNiven without a rebound.
0:32 of 3rd period - Garrett Pilon wins face-off versus Thomas Tynan in Admirals zone.
0:38 of 3rd period - Off-side.
0:39 of 3rd period - Garrett Pilon wins face-off versus Thomas Tynan in neutral zone.
0:47 of 3rd period - Shot by CJ Suess.
0:47 of 3rd period - Stopped by Tyler Parsons without a rebound.
0:48 of 3rd period - Jean-Gabriel Pageau wins face-off versus Kevin Stenlund in Crunch zone.
1:09 of 3rd period - Icing by Niko Mikkola.
1:10 of 3rd period - Kevin Stenlund wins face-off versus Thomas Tynan in Admirals zone.
1:29 of 3rd period - Shot by Kevin Stenlund.
1:29 of 3rd period - Stopped by Tyler Parsons with a rebound.
1:46 of 3rd period - Icing by Axel Andersson.
1:47 of 3rd period - Garrett Pilon wins face-off versus Thomas Tynan in Crunch zone.
1:50 of 3rd period - Shot by Paul Thompson.
1:50 of 3rd period - Shot Hit the Post.
1:52 of 3rd period - Shot by Paul Thompson.
1:52 of 3rd period - Stopped by Tyler Parsons without a rebound.
1:53 of 3rd period - Jean-Gabriel Pageau wins face-off versus Garrett Pilon in Crunch zone.
2:12 of 3rd period - Shot by Mason Shaw.
2:12 of 3rd period - Stopped by Michael McNiven without a rebound.
2:13 of 3rd period - Patrick Harper wins face-off versus Joseph Cramarossa in Admirals zone.
2:13 of 3rd period - Xavier Bouchard is hit by Nick Ebert and loses puck.
2:26 of 3rd period - Shot by Mikko Kokkonen.
2:26 of 3rd period - Shot Misses the Net.
2:44 of 3rd period - Shot by Joseph Cramarossa.
2:44 of 3rd period - Shot Blocked by Xavier Bouchard.
2:49 of 3rd period - Icing by Patrick Harper.
2:50 of 3rd period - Kevin Stenlund wins face-off versus Patrick Harper in Crunch zone.
2:50 of 3rd period - Niko Mikkola is hit by Mikko Kokkonen and loses puck.
3:01 of 3rd period - Shot by David Kampf.
3:01 of 3rd period - Stopped by Tyler Parsons with a rebound.
3:03 of 3rd period - Shot by Garrett Wilson.
3:03 of 3rd period - Stopped by Tyler Parsons without a rebound.
3:04 of 3rd period - Jean-Gabriel Pageau wins face-off versus Garrett Pilon in Crunch zone.
3:06 of 3rd period - Minor Penalty to Paul Thompson for Interference.
3:07 of 3rd period - Mike Vecchione wins face-off versus Garrett Wilson in Admirals zone.
4:07 of 3rd period - Shot by Axel Andersson.
4:07 of 3rd period - Deflect By Thomas Tynan.
4:07 of 3rd period - Stopped by Michael McNiven with a rebound.
4:15 of 3rd period - Shot by Axel Andersson.
4:15 of 3rd period - Stopped by Michael McNiven without a rebound.
4:16 of 3rd period - Garrett Wilson wins face-off versus Jean-Christophe Beaudin in Admirals zone.
4:22 of 3rd period - Icing by Connor Corcoran.
4:23 of 3rd period - Garrett Wilson wins face-off versus Thomas Tynan in Crunch zone.
4:38 of 3rd period - Icing by Axel Andersson.
4:39 of 3rd period - Thomas Tynan wins face-off versus Garrett Wilson in Crunch zone.
5:12 of 3rd period - Mike Reilly is hit by Jaycob Megna and loses puck.
5:18 of 3rd period - Nick Cousins is hit by Austin Strand and loses puck.
6:09 of 3rd period - Mikko Kokkonen is hit by Paul Thompson and loses puck.
6:25 of 3rd period - Shot by Garrett Pilon.
6:25 of 3rd period - Deflect By CJ Suess.
6:25 of 3rd period - Shot Misses the Net.
6:35 of 3rd period - Shot by Paul Bittner.
6:35 of 3rd period - Stopped by Michael McNiven without a rebound.
6:36 of 3rd period - Kevin Stenlund wins face-off versus Thomas Tynan in Admirals zone.
6:45 of 3rd period - Shot by Cam Dineen.
6:45 of 3rd period - Goal by Cam Dineen - Crunch : 1 - Admirals : 5.
6:46 of 3rd period - Kevin Stenlund wins face-off versus Thomas Tynan in neutral zone.
6:56 of 3rd period - Shot by Thomas Tynan.
6:56 of 3rd period - Shot Misses the Net.
7:34 of 3rd period - Off-side.
7:35 of 3rd period - Jean-Gabriel Pageau wins face-off versus Paul Thompson in neutral zone.
7:44 of 3rd period - Shot by Mason Shaw.
7:44 of 3rd period - Shot Blocked by Niko Mikkola.
7:56 of 3rd period - Shot by Mason Shaw.
7:56 of 3rd period - Stopped by Michael McNiven with a rebound.
8:33 of 3rd period - William Bitten is hit by Jaycob Megna and loses puck.
8:52 of 3rd period - Shot by Nick Cousins.
8:52 of 3rd period - Deflect By William Bitten.
8:52 of 3rd period - Shot Misses the Net.
9:33 of 3rd period - Icing by Austin Strand.
9:34 of 3rd period - Garrett Pilon wins face-off versus Mason Shaw in Crunch zone.
9:38 of 3rd period - Minor Penalty to Jaycob Megna for Holding.
9:39 of 3rd period - Garnet Hathaway wins face-off versus Garrett Pilon in Crunch zone.
9:56 of 3rd period - Shot by Garrett Pilon.
9:56 of 3rd period - Stopped by Tyler Parsons with a rebound.
9:58 of 3rd period - Shot by Niko Mikkola.
9:58 of 3rd period - Shot Blocked by Connor Corcoran.
10:00 of 3rd period - Shot by Niko Mikkola.
10:00 of 3rd period - Shot Misses the Net.
10:02 of 3rd period - Shot by Garrett Pilon.
10:02 of 3rd period - Shot Blocked by Axel Andersson.
11:03 of 3rd period - Shot by Kevin Stenlund.
11:03 of 3rd period - Shot Misses the Net.
11:05 of 3rd period - Shot by David Kampf.
11:05 of 3rd period - Stopped by Tyler Parsons without a rebound.
11:06 of 3rd period - Kevin Stenlund wins face-off versus Garnet Hathaway in Crunch zone.
11:15 of 3rd period - Shot by Guillaume Brisebois.
11:15 of 3rd period - Deflect By David Kampf.
11:15 of 3rd period - Shot Misses the Net.
11:39 of 3rd period - Shot by Garrett Wilson.
11:39 of 3rd period - Deflect By Joseph Cramarossa.
11:39 of 3rd period - Stopped by Tyler Parsons without a rebound.
11:40 of 3rd period - Joseph Cramarossa wins face-off versus Patrick Harper in Crunch zone.
11:55 of 3rd period - Shot by Patrick Harper.
11:55 of 3rd period - Stopped by Michael McNiven without a rebound.
11:56 of 3rd period - Thomas Tynan wins face-off versus Garrett Pilon in Admirals zone.
12:04 of 3rd period - Icing by Kristians Rubins.
12:05 of 3rd period - Patrick Harper wins face-off versus Garrett Pilon in Admirals zone.
12:05 of 3rd period - Axel Andersson is hit by Kristians Rubins and loses puck.
12:14 of 3rd period - Shot by Axel Andersson.
12:14 of 3rd period - Deflect By Kody Clark.
12:14 of 3rd period - Stopped by Michael McNiven without a rebound.
12:15 of 3rd period - Aaron Luchuk wins face-off versus Kevin Stenlund in Admirals zone.
12:20 of 3rd period - Shot by Aaron Luchuk.
12:20 of 3rd period - Deflect By Jean-Gabriel Pageau.
12:20 of 3rd period - Stopped by Michael McNiven without a rebound.
12:21 of 3rd period - Kevin Stenlund wins face-off versus Jean-Gabriel Pageau in Admirals zone.
12:28 of 3rd period - David Kampf is hit by Jaycob Megna and loses puck.
13:02 of 3rd period - Minor Penalty to Jean-Gabriel Pageau for Holding.
13:03 of 3rd period - Garrett Pilon wins face-off versus Garnet Hathaway in Crunch zone.
13:18 of 3rd period - Shot by Garrett Pilon.
13:18 of 3rd period - Stopped by Tyler Parsons without a rebound.
13:19 of 3rd period - Garnet Hathaway wins face-off versus Garrett Pilon in Crunch zone.
13:38 of 3rd period - Shot by Guillaume Brisebois.
13:38 of 3rd period - Shot Misses the Net.
13:40 of 3rd period - Shot by Guillaume Brisebois.
13:40 of 3rd period - Shot Misses the Net.
13:42 of 3rd period - Shot by Guillaume Brisebois.
13:42 of 3rd period - Shot Misses the Net.
13:44 of 3rd period - Shot by Guillaume Brisebois.
13:44 of 3rd period - Shot Misses the Net.
13:46 of 3rd period - Shot by Cam Dineen.
13:46 of 3rd period - Stopped by Tyler Parsons with a rebound.
14:08 of 3rd period - Kevin Stenlund is hit by Jaycob Megna and loses puck.
14:25 of 3rd period - Shot by David Kampf.
14:25 of 3rd period - Stopped by Tyler Parsons without a rebound.
14:26 of 3rd period - Kevin Stenlund wins face-off versus Mike Vecchione in Crunch zone.
14:27 of 3rd period - Shot by Niko Mikkola.
14:27 of 3rd period - Shot Blocked by Axel Andersson.
14:29 of 3rd period - Shot by David Kampf.
14:29 of 3rd period - Deflect By Kevin Stenlund.
14:29 of 3rd period - Shot Misses the Net.
14:31 of 3rd period - Shot by Kristians Rubins.
14:31 of 3rd period - Stopped by Tyler Parsons with a rebound.
14:33 of 3rd period - Shot by Niko Mikkola.
14:33 of 3rd period - Goal by Niko Mikkola - Crunch : 1 - Admirals : 6.
14:34 of 3rd period - Jean-Gabriel Pageau wins face-off versus Joseph Cramarossa in neutral zone.
14:53 of 3rd period - Shot by Mike Vecchione.
14:53 of 3rd period - Stopped by Michael McNiven without a rebound.
14:54 of 3rd period - Garrett Pilon wins face-off versus Patrick Harper in Admirals zone.
14:54 of 3rd period - Garrett Pilon is hit by Kody Clark.
15:14 of 3rd period - Shot by Garrett Pilon.
15:14 of 3rd period - Stopped by Tyler Parsons without a rebound.
15:15 of 3rd period - Kevin Stenlund wins face-off versus Jean-Gabriel Pageau in Crunch zone.
15:51 of 3rd period - Shot by Kevin Stenlund.
15:51 of 3rd period - Stopped by Tyler Parsons with a rebound.
15:53 of 3rd period - Shot by Kristians Rubins.
15:53 of 3rd period - Stopped by Tyler Parsons without a rebound.
15:54 of 3rd period - Thomas Tynan wins face-off versus Garrett Pilon in Crunch zone.
15:54 of 3rd period - Thomas Tynan is hit by Paul Thompson.
15:57 of 3rd period - Austin Strand is hit by Paul Thompson and loses puck.
16:04 of 3rd period - Shot by Garrett Pilon.
16:04 of 3rd period - Shot Misses the Net.
16:12 of 3rd period - Shot by Garrett Pilon.
16:12 of 3rd period - Stopped by Tyler Parsons without a rebound.
16:13 of 3rd period - Patrick Harper wins face-off versus Joseph Cramarossa in Crunch zone.
16:27 of 3rd period - Minor Penalty to Paul Bittner for Tripping.
16:28 of 3rd period - Jean-Gabriel Pageau wins face-off versus Kevin Stenlund in Crunch zone.
16:50 of 3rd period - Shot by David Kampf.
16:50 of 3rd period - Deflect By Kevin Stenlund.
16:50 of 3rd period - Goal by Kevin Stenlund - Crunch : 1 - Admirals : 7.
16:51 of 3rd period - Garrett Pilon wins face-off versus Patrick Harper in neutral zone.
16:54 of 3rd period - Kody Clark is hit by Paul Thompson.
17:03 of 3rd period - Shot by Kody Clark.
17:03 of 3rd period - Shot Misses the Net.
17:07 of 3rd period - Shot by Kody Clark.
17:07 of 3rd period - Goal by Kody Clark - Crunch : 2 - Admirals : 7.
17:08 of 3rd period - Jean-Gabriel Pageau wins face-off versus Kevin Stenlund in neutral zone.
17:10 of 3rd period - Austin Strand is hit by Garrett Wilson.
17:12 of 3rd period - Shot by Jean-Gabriel Pageau.
17:12 of 3rd period - Stopped by Michael McNiven with a rebound.
17:29 of 3rd period - Shot by David Kampf.
17:29 of 3rd period - Shot Misses the Net.
17:31 of 3rd period - Shot by Niko Mikkola.
17:31 of 3rd period - Shot Misses the Net.
18:12 of 3rd period - Icing by Cam Dineen.
18:13 of 3rd period - Thomas Tynan wins face-off versus Garrett Pilon in Admirals zone.
18:41 of 3rd period - Icing by Cam Dineen.
18:42 of 3rd period - Garrett Pilon wins face-off versus Patrick Harper in Admirals zone.
19:16 of 3rd period - Shot by David Kampf.
19:16 of 3rd period - Stopped by Tyler Parsons with a rebound.
19:37 of 3rd period - Shot by Garrett Wilson.
19:37 of 3rd period - Shot Misses the Net.
19:39 of 3rd period - Shot by David Kampf.
19:39 of 3rd period - Shot Misses the Net.
Goals for this period are 1 for Crunch vs 3 for Admirals.
Shots for this period are 12 for Crunch vs 20 for Admirals.